 Dungeon Crawl Stone Soup version 0.19.0-24-gb05acd6 (webtiles) character file.

102 Zhenya24pyc the Skirmisher (level 4, -7/29 HPs)
             Began as a Gargoyle Fighter on Nov 22, 2016.
             Mangled by an ogre
             ... wielding a +0 giant spiked club
              (23 damage)
             ... on level 4 of the Dungeon.
             The game lasted 00:03:22 (2119 turns).

Zhenya24pyc the Skirmisher (Gargoyle Fighter)       Turns: 2119, Time: 00:03:22

Health: -7/29      AC: 10    Str: 21    XL:     4   Next: 77%
Magic:  4/4        EV:  7    Int:  8    God:
Gold:   135        SH:  9    Dex:  9    Spells: 0 memorised, 3 levels left

rFire  . . .     SeeInvis .     a - +0 flail
rCold  + . .     Gourm    .     b - +0 scale mail
rNeg   + . .     Faith    .     c - +0 shield
rPois  ∞         Spirit   .     (no helmet)
rElec  +         Reflect  .     (no cloak)
rCorr  .         Harm     .     (no gloves)
MR     .....                    (no boots)
Stlth  ..........               (no amulet)
                                (no ring)
                                q - ring of protection from cold

@: no status effects
A: negative energy resistance 1, electricity resistance, unbreathing,
petrification resistance, rot immunity, AC +3
a: no special abilities


You were on level 4 of the Dungeon.
You were not hungry.

You visited 1 branch of the dungeon, and saw 4 of its levels.

You collected 135 gold pieces.

Inventory:

Hand Weapons
 a - a +0 flail (weapon)
Armour
 b - a +0 scale mail (worn)
 c - a +0 shield (worn)
Jewellery
 q - a ring of protection from cold (left hand)
Scrolls
 h - 2 scrolls of immolation {unknown}
 i - 2 scrolls of remove curse {unknown}
 j - a scroll of teleportation {unknown}
 k - 4 scrolls of identify {unknown}
 n - 3 scrolls of fear {unknown}
 v - a scroll of fog {unknown}
Potions
 d - a potion of might
 e - 2 potions of degeneration {unknown}
 m - a potion of berserk rage {unknown}
 o - 3 potions of haste {unknown}
 p - a potion of cure mutation {unknown}
 r - a potion of heal wounds {unknown}
 s - a potion of brilliance {unknown}
 u - a potion of ambrosia {unknown}
Comestibles
 f - 2 bread rations
 g - 2 beef jerkies
 l - a royal jelly


   Skills:
 + Level 4.1 Fighting
 * Level 3.5 Maces & Flails
 + Level 4.1 Armour
 - Level 3.2 Shields


You had 3 spell levels left.
You didn't know any spells.

Dungeon Overview and Level Annotations

Branches:
Dungeon (4/15)
 Temple: D:4-7

Altars:


Innate Abilities, Weirdness & Mutations

You are resistant to torment.
Your stone body is resilient. (AC +3)
You are immune to poison.
You resist negative energy. (rN+)
You are resistant to electric shocks. (rElec)
You can survive without breathing.
You are immune to petrification.
You are immune to rotting.


Message History

There is a stone staircase leading down here.
You climb downwards.
There is a stone staircase leading up here.
An ogre comes into view. It is wielding a giant spiked club.
The ogre shouts!
You block the ogre's attack.
An ogre is nearby!
You hit the ogre but do no damage. You barely miss the ogre.
The ogre hits you but does no damage.
You hit the ogre.
The ogre is lightly wounded.
The ogre hits you with a giant spiked club!
You barely miss the ogre.
The ogre is lightly wounded.
The ogre closely misses you.
You sock the ogre!
The ogre is moderately wounded.
The ogre hits you with a giant spiked club!!
Ouch! That really hurt!
You die...

..# ..# ..#
..# ..#
#####..#
#<.....#
####@..#
#....O...#
..######..#
..# .## .#
.. .#


You could see an ogre.

Vanquished Creatures
  4 adders
  2 worms
  3 dart slugs
  A leopard gecko (D:3)
  An orc (D:3)
  5 bats
  4 giant cockroaches
  7 goblins
  3 hobgoblins
  6 kobolds
  2 quokkas (D:2)
  8 frilled lizards
  8 rats
  A plant (D:1)
55 creatures vanquished.

Notes
Turn   | Place    | Note
-------+----------+-------------------------------------------
     0 | D:1      | Zhenya24pyc the Gargoyle Fighter began the quest for the Orb.
     0 | D:1      | Reached XP level 1. HP: 14/14 MP: 1/1
   238 | D:1      | Reached XP level 2. HP: 15/19 MP: 2/2
   994 | D:1      | Reached XP level 3. HP: 23/23 MP: 3/3
  1644 | D:2      | Reached XP level 4. HP: 25/29 MP: 4/4
  2114 | D:4      | Noticed an ogre
  2119 | D:4      | Mangled by an ogre

Skill      XL: |  1  2  3  4 |
---------------+-------------+-----
Maces & Flails | 3 |  3.5
Armour         | 4 |  4.1
Fighting       | 4 |  4.1
Shields        | |  3.2

Action                   |  1- 3 |  4- 6 || total
-------------------------+-------+-------++-------
Melee: Flail             |   171 |    70 ||   241
  Eat: Chunk             |     2 |     2 ||     4
Armor: Scale mail        |    74 |    46 ||   120
Dodge: Dodged            |    37 |    23 ||    60
Block: Shield            |    71 |    32 ||   103
